 Dungeon Sprint DCSS version 0.22-a0-402-ga933591907 (webtiles) character file.

868 Hephaistos the Spear-Bearer (level 7, 0/70 HPs)
             Began as a Centaur Berserker on May 6, 2018.
             Was a High Priest of Trog.
             Slain by a catoblepas (17 damage)
             ... in the Dungeon (Sprint IX: "|||||||||||||||||||||||||||||").
             The game lasted 00:00:44 (327 turns).

Hephaistos the Spear-Bearer (Centaur Berserker)      Turns: 327, Time: 00:00:45

Health: 0/70       AC: 12    Str: 20    XL:     7   Next: 73%
Magic:  7/7        EV:  5    Int:  9    God:    Trog [*****.]
Gold:   0          SH:  0    Dex: 10    Spells: 6/6 levels left

rFire    . . .     SeeInvis .   m - +2 halberd (venom)
rCold    . . .     Gourm    .   (shield currently unavailable)
rNeg     . . .     Faith    .   p - +1 scale mail
rPois    .         Spirit   .   n - +0 helmet
rElec    .         Reflect  .   o - +0 cloak
rCorr    .         Harm     .   (no gloves)
MR       .....     NoTele   +   (no barding)
Stlth    ..........             (no amulet)
HPRegen  0.21/turn              r - +3 ring of intelligence
MPRegen  0.10/turn              q - +2 ring of protection

@: petrifying, berserk cooldown, slowed, very slow
A: large, hooves 3, deformed body, speed 2, tough skin 3
a: Berserk, Trog's Hand, Brothers in Arms, Renounce Religion


You were in the Dungeon.
You worshipped Trog.
Trog was extremely pleased with you.
You were hungry.

You visited 1 branch

Inventory:

Hand Weapons
 m - a +2 halberd of venom (weapon)
Armour
 n - a +0 helmet (worn)
 o - a +0 cloak (worn)
 p - a +1 scale mail (worn)
Jewellery
 q - a +2 ring of protection (right hand)
 r - a +3 ring of intelligence (left hand)
Wands
 l - a wand of iceblast (10)
Scrolls
 i - 2 scrolls of blinking
 k - 3 scrolls of remove curse
Potions
 d - 5 potions of curing
 e - 3 potions of heal wounds
 f - a potion of haste
 g - 4 potions of magic
 h - a potion of berserk rage
 j - a potion of invisibility
Comestibles
 a - 6 chunks of flesh
 c - a ration


   Skills:
 + Level 9.5 Fighting
 + Level 11.9 Polearms
 + Level 3.7 Armour
 + Level 3.9 Dodging


You had 6 spell levels left.
You didn't know any spells.

Dungeon Overview and Level Annotations

Branches:
Dungeon (1/1)

Altars:
Cheibriados
Dithmenos
Elyvilon
Fedhas
Gozag
Hepliaklqana
Kikubaaqudgha
Makhleb
Nemelex Xobeh
Okawaru
Qazlal
Ru
Sif Muna
Trog
Uskayaw
Vehumet
Wu Jian
Xom
Yredelemnul
Zin
The Shining One
Beogh
Jiyva
Lugonu


Innate Abilities, Weirdness & Mutations

You have hooves in place of feet.
Armour fits poorly on your strangely shaped body.
You cover ground very quickly.
You have extremely tough skin. (AC +3)


Message History

Your scale mail prevents you from hitting the catoblepas.
Your kick misses the catoblepas.
The catoblepas is moderately wounded.
You are engulfed in calcifying dust.
The catoblepas gores you!!
* * * LOW HITPOINT WARNING * * *
Unknown command.
You puncture the catoblepas! You kick the catoblepas.
The catoblepas is severely wounded.
You are engulfed in calcifying dust.
You are slowing down.
The catoblepas gores you but does no damage.
The deep elf mage casts a spell.
The deep elf mage blinks!
The catoblepas gores you.
* * * LOW HITPOINT WARNING * * *
You hit the catoblepas but do no damage.
The catoblepas looks as sick as possible!
The catoblepas is severely wounded.
The deep elf mage gestures wildly while chanting.
The catoblepas gores you!!
You die...

▓+▓
▓.▓
▓y▓
▓a▓
▓O▓
▓e▓
▓Y▓
▓@▓
▓.▓
▓.▓
▓.▓
▓.▓
▓.▓
▓.▓
▓)▓
▓[▓


You could see a catoblepas, a two-headed ogre, a deep elf mage, a worker ant and
a killer bee.

Vanquished Creatures
  A two-headed ogre (D)
  An orc warrior (D)
  A bullfrog (D)
  A howler monkey (D)
  An adder (D)
  A dart slug (D)
  2 orcs (D)
  A giant cockroach (D)
  2 goblins (D)
  A hobgoblin (D)
  A jackal (D)
  A quokka (D)
  A frilled lizard (D)
  A jackal zombie (D)
  A leopard gecko zombie (D)
17 creatures vanquished.

Notes
Turn   | Place    | Note
-------+----------+-------------------------------------------
     0 | D        | Hephaistos the Centaur Berserker began the quest for the Orb.
     0 | D        | Reached XP level 1. HP: 19/19 MP: 1/1
     6 | D        | Reached skill level 3 in Polearms
    11 | D        | Reached ** piety under Trog
    11 | D        | Reached skill level 4 in Polearms
    21 | D        | Noticed a howler monkey
    23 | D        | Reached XP level 2. HP: 26/26 MP: 2/2
    27 | D        | Reached *** piety under Trog
    30 | D        | Reached skill level 5 in Polearms
    36 | D        | Killed a howler monkey
    36 | D        | Reached skill level 7 in Polearms
    36 | D        | Reached XP level 3. HP: 31/31 MP: 3/3
    71 | D        | Found a roughly hewn altar of Beogh.
    71 | D        | Found a snail-covered altar of Cheibriados.
    71 | D        | Found a shadowy altar of Dithmenos.
    71 | D        | Found a white marble altar of Elyvilon.
    71 | D        | Found a blossoming altar of Fedhas.
    71 | D        | Found an opulent altar of Gozag.
    72 | D        | Found a hazy altar of Hepliaklqana.
    73 | D        | Found a viscous altar of Jiyva.
    74 | D        | Found an ancient bone altar of Kikubaaqudgha.
    75 | D        | Found a corrupted altar of Lugonu.
    76 | D        | Found a burning altar of Makhleb.
    77 | D        | Found a sparkling altar of Nemelex Xobeh.
    78 | D        | Found an iron altar of Okawaru.
    79 | D        | Found a stormy altar of Qazlal.
    80 | D        | Found a sacrificial altar of Ru.
    81 | D        | Found a deep blue altar of Sif Muna.
    82 | D        | Found a bloodstained altar of Trog.
    83 | D        | Found a hide-covered altar of Uskayaw.
    84 | D        | Found a radiant altar of Vehumet.
    85 | D        | Found an ornate altar of the Wu Jian Council.
    86 | D        | Found a shimmering altar of Xom.
    87 | D        | Found a basalt altar of Yredelemnul.
    88 | D        | Found a glowing silver altar of Zin.
    89 | D        | Found a glowing golden altar of the Shining One.
   142 | D        | Noticed a two-headed ogre
   142 | D        | Noticed an orc warrior
   142 | D        | Noticed a bullfrog
   144 | D        | Killed a bullfrog
   144 | D        | Reached **** piety under Trog
   144 | D        | Reached skill level 8 in Polearms
   144 | D        | Reached XP level 4. HP: 41/41 MP: 4/4
   149 | D        | Killed a two-headed ogre
   149 | D        | Reached skill level 11 in Polearms
   149 | D        | Reached XP level 5. HP: 57/57 MP: 5/5
   149 | D        | Reached XP level 6. HP: 63/63 MP: 6/6
   149 | D        | Reached XP level 7. HP: 70/70 MP: 7/7
   155 | D        | Reached ***** piety under Trog
   310 | D        | Noticed a two-headed ogre
   310 | D        | Noticed a deep elf mage
   310 | D        | Noticed a catoblepas
   327 | D        | Slain by a catoblepas

Vault maps used:
D:        linesprint

Skill      XL: |  1  2  3  4 |
---------------+-------------+-----
Polearms       | 4 7 8 11 | 11.9
Fighting       | 4 9 |  9.5
Armour         | 3 |  3.7
Dodging        | 3 |  3.9

Action                   |  1- 3 |  4- 6 |  7- 9 || total
-------------------------+-------+-------+-------++-------
Melee: Spear             |    27 |       |       ||    27
       Kick              |     6 |       |     3 ||     9
       Halberd           |     1 |     5 |    12 ||    18
Invok: Berserk           |     2 |       |     1 ||     3
Armor: Animal skin       |     3 |       |       ||     3
       Scale mail        |     2 |       |     8 ||    10
Dodge: Dodged            |     6 |       |     2 ||     8

Table legend:
 A = Spawn XP
 B = Non-spawn XP
 C = Spawn XP percentage of total XP
 D = Spawn monster count
 E = Non-spawn monster count
 F = Spawn count percentage of total count
 G = Total turns spent on level
                    A         B        C        D         E        F      G
               +---------+---------+-------+---------+---------+-------+---------
         Total |       0 |    1240 |   0.0 |       0 |      17 |   0.0 |   327
               +---------+---------+-------+---------+---------+-------+---------
             D |       0 |    1240 |   0.0 |       0 |      17 |   0.0 |   327
               +---------+---------+-------+---------+---------+-------+---------
